 Dungeon Crawl Stone Soup version 0.30-a0-800-g7c544603b3 (webtiles) character file.

Game seed: 14997670000343758359

136 cforsyth the Sneak (level 5, -4/32 HPs)
             Began as a Kobold Brigand on Feb 23, 2023.
             Slain by a gnoll
             ... wielding a +0 spear
             ... led by a gnoll sergeant
              (6 damage)
             ... on level 6 of the Dungeon.
             The game lasted 00:03:28 (2795 turns).

cforsyth the Sneak (Kobold Brigand)                 Turns: 2795, Time: 00:03:28

Health: -4/32      AC:  3    Str:  9    XL:     5   Next: 43%
Magic:  5/5        EV: 15    Int: 12    God:
Gold:   90         SH:  0    Dex: 18    Spells: 4/4 levels left

rFire   . . .      SeeInvis .    a - +3 dagger
rCold   . . .      Faith    .    (no shield)
rNeg    . . .      Spirit   .    b - +0 robe
rPois   .          Reflect  .    (no helmet)
rElec   .          Harm     .    c - +0 cloak
rCorr   .          Rampage  .    (no gloves)
Will    .....                    (no boots)
Stlth   ++++                     (no amulet)
HPRegen 0.25/turn                (no ring)
MPRegen 0.09/turn                (no ring)

@: no status effects
A: small, no large weapons, nightstalker 3
a: no special abilities


You were on level 6 of the Dungeon.
You visited 1 branch of the dungeon, and saw 5 of its levels.

You collected 90 gold pieces.

Inventory:

Hand Weapons
 a - a +3 dagger (weapon)
Missiles
 d - 9 poisoned darts (quivered)
 e - 3 curare-tipped darts
Armour
 b - a +0 robe (worn)
 c - a +0 cloak (worn)
Wands
 i - a wand of digging (6)
Scrolls
 f - a scroll of teleportation
 n - a scroll of fog
Potions
 h - a potion of attraction {unknown}
 j - 2 potions of lignification {unknown}
 l - a potion of heal wounds {unknown}
 m - a potion of haste {unknown}


   Skills:
 + Level 3.4 Fighting
 + Level 4.1 Short Blades
 - Level 2.1 Throwing
 + Level 3.0 Dodging
 + Level 6.3 Stealth


You had 4 spell levels left.
You didn't know any spells.
Your spell library contained the following spells:

 Spells                   Type           Power      Damage    Failure   Level
 Ensorcelled Hibernation  Hex/Ice        0%         N/A       45%         2
 Passwall                 Tmut/Erth      0%         N/A       45%         2
 Ignite Poison            Fire/Tmut/Pois 0%         N/A       69%         3
 Spider Form              Tmut/Pois      0%         N/A       69%         3
 Swiftness                Air            0%         N/A       69%         3
 Anguish                  Hex/Necr       0%         N/A       97%         4
 Sticky Flame             Conj/Fire      0%         2d3       97%         4
 Ignition                 Fire           0%         3d3       100%        8


Dungeon Overview and Level Annotations

Branches:
Dungeon (4/15)
 Temple: D:4-7

Altars:
Ru
Wu Jian

Shops:
D:2 *


Innate Abilities, Weirdness & Mutations

You are small and have problems with some larger weapons.
You are completely attuned to the shadows.


Message History

The gnoll shouts!
You hear a shout!
You hear an angry hiss.
You hear a shout!
A gnoll comes into view. It is wielding a +0 spear.
You hear a shout!
The gnoll attacks as you move away! The gnoll hits you but does no damage.
You hit the gnoll but do no damage. You closely miss the gnoll.
The gnoll closely misses you.
You hit the gnoll.
The gnoll is moderately wounded.
The gnoll hits you with a +0 club.
You hit the gnoll but do no damage.
The gnoll is moderately wounded.
The gnoll completely misses you. The gnoll closely misses you.
You hit the gnoll.
The gnoll is heavily wounded.
The gnoll closely misses you. The gnoll barely misses you.
You hit the gnoll but do no damage.
The gnoll is heavily wounded.
You hit the gnoll.
The gnoll is severely wounded.
The gnoll hits you from afar with a +0 spear!
The gnoll hits you with a +0 club.
You hit the gnoll.
You kill the gnoll!
The gnoll hits you from afar with a +0 spear.
The gnoll hits you with a +0 spear!
* * * LOW HITPOINT WARNING * * *
Things that are here:
a +0 club; a gnoll corpse You barely miss the gnoll.
The gnoll closely misses you.
You hit the gnoll.
The gnoll is lightly wounded.
The gnoll hits you with a +0 spear.
* * * LOW HITPOINT WARNING * * *
An orc comes into view. It is wielding a +0 club.
You hit the gnoll.
The gnoll is moderately wounded.
You puncture the gnoll!
The gnoll is severely wounded.
The gnoll hits you with a +0 spear.
You die...

...... ######.
#.g.g. #....#.#
#..o.. #.##.#.#
#.....
#.#..#.######.....
#.##.#.....@g....[
#.......#######.##
####.##..... ##
#.##..#.. #.##..#
# #.##... #..


You could see a gnoll and an orc.

Vanquished Creatures
  An orc priest (D:3)
  An orc wizard (D:3)
  A gnoll (D:6)
  An adder (D:2)
  3 worms (D:2)
  3 dart slugs
  An orc (D:3)
  6 ball pythons
  8 endoplasms
  2 giant cockroaches (D:2)
  3 goblins
  3 hobgoblins
  5 kobolds
  4 bats
  3 frilled lizards
  4 rats
49 creatures vanquished.

Vanquished Creatures (others)
  A jelly (D:6)
1 creature vanquished.

Grand Total: 50 creatures vanquished

Notes
Turn   | Place    | Note
-------+----------+-------------------------------------------
     0 | D:1      | cforsyth the Kobold Brigand began the quest for the Orb.
     0 | D:1      | Reached XP level 1. HP: 12/12 MP: 1/1
   346 | D:1      | Reached XP level 2. HP: 12/18 MP: 2/2
   943 | D:2      | Reached XP level 3. HP: 16/22 MP: 3/3
  1521 | D:2      | Reached XP level 4. HP: 23/27 MP: 4/4
  1674 | D:2      | Found Sanicis's General Store.
  2045 | D:3      | Reached skill level 6 in Stealth
  2403 | D:3      | Reached XP level 5. HP: 21/32 MP: 5/5
  2571 | D:3      | Found an ornate altar of the Wu Jian Council.
  2579 | D:3      | Found a sacrificial altar of Ru.
  2763 | D:4      | You fall into a shaft and drop 2 floors!
  2795 | D:6      | Slain by a gnoll

Illustrated notes

Levels and vault maps discovered:
D:1:      matt_arrival_refuge, layout_basic
D:2:      layout_loops_corners, serial_shops, nicolae_square_shop
D:3:      layout_rooms, amethyst_overflow_temple_binary, saegor_snake_ambush
D:4:      layout_cave_pods, mainiacjoe_overflow_six_doors_small,
          nicolae_ossuary_entry_ruins, nrook_loot_triangle,
          kennysheep_generic_room_14
D:6:      lemuel_slime, layout_basic, nicolae_uskayaw_murder_on_the_dancefloor,
          makhleb_heckhound_becter, lemuel_flamethrower_2, uniq_menkaure

Skill      XL: |  1  2  3  4 |
---------------+-------------+-----
Short Blades   | 3 4 |  4.1
Dodging        | 2 3 |  3.0
Fighting       | 3 |  3.4
Stealth        | 6 |  6.3
Throwing       | |  2.1

Action                     |  1- 3 |  4- 6 || total
---------------------------+-------+-------++-------
  Melee: Dagger            |    78 |    65 ||   143
         Punch             |     1 |       ||     1
    Use: Scroll            |       |     5 ||     5
   Stab: Sleeping          |    11 |    12 ||    23
 Armour: Robe              |     7 |     9 ||    16
  Dodge: Dodged            |    23 |    41 ||    64

Table legend: (Time is in decaauts)
 A = Elapsed time spent in this place.
 B = Non-inter-level travel time spent in this place.
 C = Inter-level travel time spent in this place.
 D = Time resting spent in this place.
 E = Time spent auto-exploring this place.
 F = Levels seen in this place.
 G = Mean time per level.
                   A        B        C        D        E       F      G
               +--------+--------+--------+--------+--------+-----+--------+
         Total |   2794 |   2684 |    110 |    103 |   2196 |   5 |  558.8 |
       Dungeon |   2794 |   2684 |    110 |    103 |   2196 |   5 |  558.8 |
               +--------+--------+--------+--------+--------+-----+--------+

Top non-repeatable levels by time:
     D:2: 1266 daAuts
     D:1: 785 daAuts
     D:3: 690 daAuts
     D:6: 29 daAuts
     D:4: 22 daAuts
